 Dungeon Crawl Stone Soup version 0.30-a0-297-g0ec75d9ef4 (webtiles) character file.

Game seed: 9312531450705908539

73 funkygono the Firebug (level 4, -3/24 HPs)
             Began as a Gargoyle Fire Elementalist on Oct 19, 2022.
             Slain by Sigmund
             ... wielding a +2 scythe of venom
              (5 damage)
             ... on level 3 of the Dungeon.
             The game lasted 00:03:15 (2693 turns).

funkygono the Firebug (Gargoyle Fire Elementalist)  Turns: 2693, Time: 00:03:16

Health: -3/24      AC:  5    Str: 11    XL:     4   Next: 27%
Magic:  2/7        EV: 12    Int: 18    God:
Gold:   134        SH:  0    Dex: 10    Spells: 2/8 levels left

rFire   . . .      SeeInvis .    c - +0 whip
rCold   . . .      Faith    .    (no shield)
rNeg    + . .      Spirit   .    a - +0 robe
rPois   ∞          Reflect  .    (no helmet)
rElec   +          Harm     .    (no cloak)
rCorr   .          Rampage  .    (no gloves)
Will    .....                    (no boots)
Stlth   ++........               (no amulet)
HPRegen 0.24/turn                (no ring)
MPRegen 0.10/turn                (no ring)

@: no status effects
A: sickness immunity, AC +3, negative energy resistance 1, electricity
resistance, torment resistance 1, petrification resistance
a: no special abilities


You were on level 3 of the Dungeon.
You visited 1 branch of the dungeon, and saw 3 of its levels.

You collected 134 gold pieces.

Inventory:

Hand Weapons
 c - a +0 whip (weapon)
 d - a +0 mace
Armour
 a - a +0 robe (worn)
Wands
 p - a wand of paralysis (17)
Scrolls
 e - a scroll of fog {unknown}
 f - 4 scrolls of identify {unknown}
 g - a scroll of teleportation {unknown}
 h - 2 scrolls of vulnerability {unknown}
 j - a scroll of amnesia {unknown}
 n - a scroll of acquirement {unknown}
 o - a scroll of fear {unknown}
Potions
 b - a potion of magic
 i - 2 potions of flight {unknown}
 k - 2 potions of curing {unknown}
 l - 3 potions of brilliance {unknown}
 m - a potion of haste {unknown}
 q - a potion of might {unknown}


   Skills:
 + Level 0.1 Fighting
 + Level 0.2 Maces & Flails
 + Level 1.8 Dodging
 - Level 2.1 Stealth
 + Level 2.5 Spellcasting
 + Level 1.5 Conjurations
 + Level 4.2 Fire Magic


You had 2 spell levels left.
You knew the following spells:

 Your Spells              Type           Power      Damage    Failure   Level
a - Foxfire               Conj/Fire      48%        2x1d6     5%          1
b - Scorch                Fire           34%        2d6       4%          2
c - Kindle Blastsparks    Fire/Tloc/Air  14%        2d11      28%         3

Your spell library contained the following spells:

 Spells                   Type           Power      Damage    Failure   Level
 Inner Flame              Hex/Fire       9%         N/A       22%         3
 Ignite Poison            Fire/Tmut/Pois 7%         N/A       28%         3
 Flame Wave               Conj/Fire      12%        2d6       45%         4
 Sticky Flame             Conj/Fire      12%        2d4       45%         4
 Ignition                 Fire           8%         3d5       100%        8


Dungeon Overview and Level Annotations

Branches:
Dungeon (3/15)

Altars:
Nemelex Xobeh
Qazlal
Trog
Xom

Annotations:
D:3 Sigmund


Innate Abilities, Weirdness & Mutations

You are immune to sickness and miasma.
Your stone body is resilient. (AC +3)
You are immune to poison.
You resist negative energy. (rN+)
You are resistant to electric shocks. (rElec)
You are resistant to unholy torment.
You are immune to petrification.


Message History

Sigmund flickers and vanishes!
Deactivating autopickup; reactivate with Ctrl-A.
You hear an angry hiss. x2
Casting: Foxfire (safe; 5% risk of failure)
Confirm with . or Enter, or press ? or * to list all spells.
You can't see any susceptible monsters within range! (Use Z to cast anyway.) Unknown command.
Casting: Foxfire (safe; 5% risk of failure)
Confirm with . or Enter, or press ? or * to list all spells.
You conjure some foxfire!
The foxfire hits something but does no damage.
Unknown command.
The foxfire hits something. x2
A magic dart appears from out of thin air!
The magic dart hits you!
Casting: Foxfire (safe; 5% risk of failure)
Confirm with . or Enter, or press ? or * to list all spells.
You conjure some foxfire!
Your foxfire dissipates!
The foxfire hits something but does no damage. x2
Something hits you!
Casting: Foxfire (safe; 5% risk of failure)
Confirm with . or Enter, or press ? or * to list all spells.
You conjure some foxfire!
Casting: Foxfire (safe; 5% risk of failure)
Confirm with . or Enter, or press ? or * to list all spells.
You can't see any susceptible monsters within range! (Use Z to cast anyway.) Unknown command.
Okay, then.
Okay, then.
The foxfire hits something but does no damage. x2
Something hits you!
* * * LOW HITPOINT WARNING * * *
You see here 2 javelins.
An endoplasm comes into view.
You see here a +0 robe.
Casting: Foxfire (safe; 5% risk of failure)
Confirm with . or Enter, or press ? or * to list all spells.
You conjure some foxfire!
Something hits you.
You die...

.#############.####..#..
.....................#.#
#####...######.####.##.#
######'''######......##.#
#...'.....'...#)#######.#
#._.'.≈≈≈.'._.#..........
#...'.....'...#.#.......#
######''v######.#.#######
### #..@v{(J............
... ########.###.#####..
... ..#.......... ...
#..#.#.###.### ...
#..#.#.##..# ...
#.##.#.#..## ... #.
#.#.#.## ### .. #.#.#.#
#### # #.#...#


You could see an endoplasm.

Vanquished Creatures
  An adder (D:2)
  2 worms
  3 dart slugs
  2 ball pythons
  5 endoplasms
  3 giant cockroaches (D:2)
  7 goblins
  3 hobgoblins
  4 jackals (D:1)
  A quokka (D:2)
  4 bats
  2 frilled lizards (D:1)
  8 kobolds
  3 rats
48 creatures vanquished.

Vanquished Creatures (others)
  129 foxfires
129 creatures vanquished.

Grand Total: 177 creatures vanquished

Notes
Turn   | Place    | Note
-------+----------+-------------------------------------------
     0 | D:1      | funkygono the Gargoyle Fire Elementalist began the quest
                  | for the Orb.
     0 | D:1      | Reached XP level 1. HP: 10/10 MP: 3/3
   176 | D:1      | Reached XP level 2. HP: 9/15 MP: 1/5
   179 | D:1      | Learned a level 2 spell: Scorch
   910 | D:1      | Reached XP level 3. HP: 19/19 MP: 4/6
   915 | D:1      | Learned a level 3 spell: Kindle Blastsparks
  1334 | D:2      | Reached skill level 4 in Fire Magic
  1940 | D:2      | Reached XP level 4. HP: 24/24 MP: 2/7
  2226 | D:3      | Found a sparkling altar of Nemelex Xobeh.
  2369 | D:3      | Found a bloodstained altar of Trog.
  2664 | D:3      | Found a shimmering altar of Xom.
  2672 | D:3      | Found a stormy altar of Qazlal.
  2680 | D:3      | Noticed Sigmund
  2688 | D:3      | HP: 1/24 [something (10)]
  2693 | D:3      | Slain by Sigmund

Illustrated notes

Levels and vault maps discovered:
D:1:      psy_arrival_conway, layout_basic
D:2:      layout_basic, minmay_tromino_i2
D:3:      minmay_evil_eye, layout_basic, overflow_temple_1_default,
          mainiacjoe_overflow_surrounded_room, mainiacjoe_overflow_big_doors,
          gammafunk_ghost_nasty_kobolds, kennysheep_potato, uniq_sigmund,
          uniq_jessica

Skill      XL: |  1  2  3 |
---------------+----------+-----
Fire Magic     | 4 |  4.2
Fighting       | |  0.1
Maces & Flails | |  0.2
Dodging        | |  1.8
Stealth        | |  2.1
Spellcasting   | |  2.5
Conjurations   | |  1.5

Action                   |  1- 3 |  4- 6 || total
-------------------------+-------+-------++-------
Melee: Whip              |    10 |       ||    10
 Cast: Foxfire           |    55 |    18 ||    73
       Scorch            |     6 |     4 ||    10
Armor: Robe              |     7 |     2 ||     9
Dodge: Dodged            |    16 |     3 ||    19

Table legend: (Time is in decaauts)
 A = Elapsed time spent in this place.
 B = Non-inter-level travel time spent in this place.
 C = Inter-level travel time spent in this place.
 D = Time resting spent in this place.
 E = Time spent auto-exploring this place.
 F = Levels seen in this place.
 G = Mean time per level.
                   A        B        C        D        E       F      G
               +--------+--------+--------+--------+--------+-----+--------+
         Total |   2697 |   2629 |     68 |      0 |   2308 |   3 |  899.0 |
       Dungeon |   2697 |   2629 |     68 |      0 |   2308 |   3 |  899.0 |
               +--------+--------+--------+--------+--------+-----+--------+

Top non-repeatable levels by time:
     D:1: 1328 daAuts
     D:2: 900 daAuts
     D:3: 467 daAuts
